Map: Dusk Towers

Players

PsyRex

  • Race: Zerg Zerg
  • League: Diamond

NoobFlot - Winner!

  • Race: Protoss Protoss
  • League: Master

VOD

Have the link to the VOD?

Description

Time

  • Played on: June 3, 2016, 7:57 p.m.
  • Length: 7:28
Show
View Real Time Build Order
Export as new Build Order

PsyRex Zerg 

Build Orders: 3 Hatch before Pool 

Get SALT Encoding   

  12  0:01  Drone  
  13  0:13  Overlord  
  13  0:19  Drone  
  14  0:31  Drone x2  
  14  0:35  Drone  
  17  0:54  Hatchery  
  17  0:57  Drone  
  17  1:00  Drone  
  18  1:24  Hatchery  
  17  1:26  Drone  
  17  1:27  Drone  
  17  1:32  Extractor  
  18  1:42  Spawning Pool  
  18  1:45  Drone  
  18  1:48  Drone  
  19  1:54  Drone  
  20  2:13  Drone x3  
  23  2:24  Drone x2  
  25  2:30  Zergling x2  
  25  2:33  Zergling x2  
  25  2:35  Queen  
  25  2:37  Metabolic Boost  
  29  2:43  Overlord  
  29  2:44  Zergling x2  
  29  2:47  Zergling x2  
  31  3:02  Drone x3  
  31  3:03  Drone x2  
  36  3:06  Drone  
  36  3:08  Drone  
  36  3:10  Drone  
  39  3:15  Queen  
  39  3:18  Overlord  
  41  3:27  Drone  
  41  3:28  Overlord  
  41  3:29  Overlord  
  42  3:34  Spore Crawler  
  42  3:37  Spore Crawler  
  40  3:41  Queen  
  40  3:45  Drone x2  
  40  3:48  Drone  
  45  3:50  Drone x2  
  47  3:56  Evolution Chamber  
  47  3:59  Evolution Chamber  
  45  4:12  Pneumatized Carapace  
  45  4:17  Lair  
  45  4:19  Extractor  
  45  4:20  Drone x7, Extractor  
  50  4:36  Overlord  
  49  4:49  Drone x4  
  49  4:50  Extractor  
  49  4:51  Drone  
  49  4:52  Drone x7  
  60  5:08  Baneling Nest  
  60  5:10  Zerg Melee Weapons Level 1, Zerg Ground Armor Level 1  
  60  5:11  Zergling x6  
  60  5:12  Zergling x4  
  60  5:13  Zergling x2  
  65  5:22  Zergling x4  
  65  5:23  Zergling x8  
  71  5:47  Overseer  
  71  5:56  Drone x2, Spire  
  72  5:58  Zergling x2  
  72  6:01  Overlord x4  
  73  6:10  Zergling x6  
  66  6:20  Zergling x24  
  75  6:28  Zergling x8  
Show
View Real Time Build Order
Export as new Build Order

NoobFlot Protoss - Winner!

Build Orders: 1 Gate Expand, Zealot Archon 

Get SALT Encoding   

  12  0:01  Probe (Chrono Boost)  
  13  0:12  Probe (Chrono Boost)  
  14  0:25  Probe (Chrono Boost), Pylon  
  15  0:44  Probe (Chrono Boost)  
  16  0:50  Gateway  
  16  0:52  Assimilator  
  16  0:54  Probe (Chrono Boost)  
  17  1:05  Probe (Chrono Boost)  
  18  1:15  Probe (Chrono Boost)  
  19  1:26  Nexus  
  19  1:29  Probe (Chrono Boost)  
  20  1:37  Cybernetics Core  
  20  1:39  Probe (Chrono Boost)  
  21  1:47  Assimilator  
  21  1:56  Probe (Chrono Boost), Pylon  
  22  2:02  Pylon  
  22  2:06  Probe (Chrono Boost)  
  23  2:14  Pylon  
  23  2:16  Warp Gate  
  23  2:24  Pylon  
  23  2:33  Probe (Chrono Boost)  
  23  2:35  Zealot  
  26  2:39  Robotics Facility  
  26  2:41  Twilight Council  
  26  2:43  Probe (Chrono Boost)  
  27  2:47  Probe (Chrono Boost)  
  28  2:53  Probe (Chrono Boost)  
  28  2:57  Probe (Chrono Boost)  
  29  3:04  Probe (Chrono Boost)  
  30  3:08  Probe (Chrono Boost)  
  31  3:13  Probe (Chrono Boost)  
  31  3:17  Charge (Chrono Boost)  
  32  3:22  Probe  
  32  3:23  Probe  
  34  3:33  Immortal (Chrono Boost)  
  34  3:34  Probe  
  34  3:35  Probe  
  40  3:47  Probe x2  
  42  3:52  Pylon  
  42  4:04  Immortal  
  46  4:11  Gateway  
  46  4:13  Gateway  
  46  4:20  Gateway  
  46  4:22  Gateway  
  46  4:24  Dark Shrine  
  44  4:38  Warp Prism  
  44  4:39  Gateway  
  44  4:41  Gateway  
  46  4:46  Gateway  
  46  4:51  Gateway  
  46  4:55  Gateway  
  46  5:26  Pylon  
  46  5:27  Pylon  
  46  5:30  Pylon x2  
  46  5:44  Dark Templar x2  
  46  5:45  Zealot x6  
  46  5:49  Archon  
  62  5:58  Dark Templar, Zealot  
  66  6:10  Zealot x4  
  66  6:11  Zealot x2  
  78  6:15  Pylon  
  78  6:18  Pylon  
  78  6:25  Zealot x3  
  84  6:31  Dark Templar  
Tags
 
Add a new tag
Caveats
  • Supply blocks, unpowered buildings, or Contaminate may cause inaccurate times.
  • Supply counts are checked every 10 seconds.